 Dungeon Crawl Stone Soup version 0.31.0-11-ge490571c62 (webtiles) character file.

Game seed: 9575021695690228211

121 qw the Ducker (level 4, -3/23 HPs)
             Began as a Spriggan Hunter on Feb 4, 2024.
             Slain by Grinder (9 damage)
             ... on level 3 of the Dungeon.
             The game lasted 00:00:07 (1307 turns).

qw the Ducker (Spriggan Hunter)                     Turns: 1307, Time: 00:00:08

Health: -3/23      AC:  2    Str:  7    XL:     4   Next: 77%
Magic:  5/5        EV: 20    Int: 10    God:
Gold:   48         SH:  0    Dex: 20    Spells: 3/3 levels left

rFire   . . .        a - +0 shortbow
rCold   . . .        (shield currently unavailable)
rNeg    . . .        c - +0 robe
rPois   .            (helmet restricted)
rElec   .            (no cloak)
rCorr   .            (gloves unavailable)
SInv    +            (boots unavailable)
Will    .....        (no amulet)
Stlth   ++           (no ring)
HPRegen 0.23/turn    (no ring)
MPRegen 0.09/turn

%: no passive effects
@: very quick
A: very small, no large weapons, unfitting armour, see invisible, speed 3
a: no special abilities


You were on level 3 of the Dungeon.
You visited 1 branch of the dungeon, and saw 3 of its levels.

You collected 113 gold pieces.
You spent 65 gold pieces at shops.


Innate Abilities, Weirdness & Mutations

You are very small and have problems with some larger weapons.
You are too small for most types of armour.
You have supernaturally acute eyesight. (SInv)
You cover ground extremely quickly. (Speed+++)


   Skills:
 + Level 1.8 Fighting
 - Level 5.0 Ranged Weapons
 - Level 5.2 Dodging
 - Level 1.5 Stealth


You had 3 spell levels left.
You didn't know any spells.
Your spell library was empty.

Inventory:

Hand Weapons
 a - a +0 shortbow (weapon)
Armour
 c - a +0 robe (worn)
Jewellery
 d - a ring of ice
Wands
 h - a wand of polymorph (9)
Potions
 b - a potion of lignification {unknown}
 g - a potion of enlightenment

Dungeon Overview and Level Annotations

Branches:
Dungeon (3/15)

Altars:

Shops:
D:2 [(=!

Annotations:
D:3 Grinder


Message History

You shoot an arrow. The arrow hits the goblin!
You kill the goblin!
You start resting.
HP restored.
You see here a hobgoblin corpse.
Items here: %% ))))) [[.
You see here a hobgoblin corpse.
d - a ring of ice You see here a +0 club.
You see here a hobgoblin corpse.
Items here: %% ))))) [[.
Grinder comes into view.
You shoot an arrow. The arrow hits Grinder!
Grinder is moderately wounded.
You shoot an arrow. The arrow barely misses Grinder.
Grinder gestures at you.
You struggle to resist.
You shoot an arrow. The arrow closely misses Grinder.
Grinder gestures at you. Pain shoots through your body!
You shoot an arrow. The arrow hits Grinder.
Grinder is moderately wounded.
You shoot an arrow. The arrow hits Grinder!
Grinder is heavily wounded.
You shoot an arrow. The arrow barely misses Grinder.
Grinder closely misses you.
You shoot an arrow. The arrow hits Grinder.
Grinder is heavily wounded.
Grinder says, "I used to sell toenails on the black market."
Grinder completely misses you.
You shoot an arrow. The arrow closely misses Grinder.
Grinder hits you.
You writhe in agony.
You shoot an arrow. The arrow hits Grinder.
Grinder is severely wounded.
Grinder completely misses you. Grinder hits you.
You writhe in agony.
You shoot an arrow. The arrow hits Grinder.
Grinder is severely wounded.
Grinder hits you!
You die...
Grinder says, "Now the real fun starts!"

########## #........#
#........# #........#
#........#######
####...........@.?#
#.......)....#..5......
##)######).#....##.##...
#>%######....#### ..# .
).)........### ...
##########.%.# ..##
###########..###... ##
............)......
......######.##....


You could see Grinder.

Vanquished Creatures
  Robin (D:3)
  4 adders
  2 dart slugs
  A ribbon worm (D:2)
  4 orcs
  3 ball pythons
  3 endoplasms
  A giant cockroach (D:1)
  13 goblins
  9 hobgoblins
  2 jackals (D:1)
  4 quokkas
  2 bats
  4 frilled lizards
  3 kobolds
  3 rats
59 creatures vanquished.

Notes
Turn   | Place    | Note
-------+----------+-------------------------------------------
     0 | D:1      | qw the Spriggan Hunter began the quest for the Orb.
     0 | D:1      | Reached XP level 1. HP: 10/10 MP: 2/2
     0 | D:1      | 0 ||| qw: Version: 0.3-a-160-g6735b56
     0 | D:1      | 0 ||| qw: Game counter: 5144
     0 | D:1      | 0 ||| qw: Melee chars always use a shield: true
     0 | D:1      | 0 ||| qw: God list: Okawaru
     0 | D:1      | 0 ||| qw: Allow faded altars: false
     0 | D:1      | 0 ||| qw: Do Orc after clearing Dungeon:15 true
     0 | D:1      | 0 ||| qw: Do second Lair branch before Depths: true
     0 | D:1      | 0 ||| qw: Lair rune preference: random
     0 | D:1      | 0 ||| qw: Goals: Normal
     0 | D:1      | 0 ||| PLANNING D:1-11
    58 | D:1      | Reached skill level 3 in Dodging
   101 | D:1      | Reached XP level 2. HP: 14/14 MP: 3/3
   221 | D:1      | Found a faded altar of an unknown god.
   559 | D:1      | 559 ||| READING scroll labelled XET TITHRIA.
   564 | D:1      | 564 ||| READING scroll labelled QAOPNIRCHUR.
   564 | D:1      | 564 ||| ENCHANTING +0 shortbow.
   565 | D:1      | 565 ||| READING scroll labelled DUULOQ JUTIEZI.
   566 | D:1      | 566 ||| DROPPING scroll of butterflies.
   648 | D:2      | Found Lable's Jewellery Emporium.
   658 | D:2      | 658 ||| SHOPLISTING +6 ring of dexterity (468 gold, have
                  | 26).
   658 | D:2      | 658 ||| SHOPLISTING amulet "Nihos" {Reflect Str-2 Int+6
                  | SH+5} (590 gold, have 26).
   658 | D:2      | 658 ||| SHOPLISTING amulet of guardian spirit (390 gold,
                  | have 26).
   658 | D:2      | 658 ||| SHOPLISTING amulet of reflection (390 gold, have
                  | 26).
   658 | D:2      | 658 ||| SHOPLISTING amulet of regeneration (390 gold, have
                  | 26).
   658 | D:2      | 658 ||| SHOPLISTING ring of poison resistance (260 gold,
                  | have 26).
   658 | D:2      | 658 ||| SHOPLISTING ring of protection from fire (325 gold,
                  | have 26).
   666 | D:2      | Found Qakucs's Weapon Boutique.
   707 | D:2      | Found Redumak's Armour Shoppe.
   715 | D:2      | 715 ||| SHOPLISTING +0 robe of cold resistance (84 gold,
                  | have 63).
   729 | D:2      | Reached XP level 3. HP: 18/18 MP: 4/4
   821 | D:2      | Found Iliefif's Distillery.
   838 | D:2      | 838 ||| SHOPLISTING 2 potions of might (104 gold, have 82).
   838 | D:2      | 838 ||| BUYING potion of enlightenment (65 gold).
   838 | D:2      | Bought a potion of enlightenment for 65 gold pieces
   838 | D:2      | 838 ||| SHOPLISTING potion of haste (130 gold, have 17).
   838 | D:2      | 838 ||| SHOPLISTING potion of heal wounds (65 gold, have
                  | 17).
   917 | D:2      | Reached XP level 4. HP: 22/22 MP: 5/5
  1008 | D:2      | 1008 ||| READING scroll labelled LUNETAOCYOMP.
  1009 | D:2      | 1009 ||| READING scroll labelled HUUFIERRUYJI.
  1009 | D:2      | 1009 ||| IDENTIFYING fuming yellow potion
  1038 | D:3      | 1038 ||| STAIRDANCE
  1048 | D:3      | 1048 ||| STAIRDANCE
  1093 | D:3      | Noticed Robin
  1100 | D:3      | HP: 2/22 [hobgoblin[Robin] (4)]
  1101 | D:3      | 1101 ||| READING scroll of teleportation.
  1102 | D:3      | 1102 ||| DRINKING potion of heal wounds.
  1199 | D:3      | Killed Robin
  1203 | D:3      | HP: 3/22 [goblin/+0 dagger[Robin] (6)]
  1204 | D:3      | 1204 ||| DRINKING potion of heal wounds.
  1297 | D:3      | Noticed Grinder
  1306 | D:3      | HP: 5/23 [Grinder (6)]
  1307 | D:3      | Slain by Grinder

Levels and vault maps discovered:
D:1:      orjb1_lava_funnel, layout_basic, shapermc_ecumenical_altar_rom_forum
D:2:      layout_rooms, serial_shops, nicolae_shop_bloodbath_and_beyond, shop,
          shop_statue, nicolae_shop_industrial_runoff
D:3:      layout_rooms, lemuel_round_altar, uniq_robin, uniq_grinder

Skill      XL: |  1  2  3  4 |
---------------+-------------+-----
Dodging        | 3 4 5 |  5.2
Ranged Weapons | 5 |  5.0
Fighting       | |  1.8
Stealth        | |  1.5

Action                     |  1- 3 |  4- 6 || total
---------------------------+-------+-------++-------
   Fire: Shortbow          |    91 |    71 ||   162
    Use: Scroll            |     3 |     3 ||     6
         Potion            |       |     2 ||     2
 Armour: Robe              |     3 |    35 ||    38
  Dodge: Dodged            |    13 |    64 ||    77

Table legend:
 A = Non-vault XP
 B = Vault XP
 C = Vault XP percentage of total XP
 D = Non-vault monster count
 E = Vault monster count
 F = Vault count percentage of total count
                 A         B        C        D         E       F
            +---------+---------+-------+---------+---------+-------
      Total |     136 |      38 |  21.8 |      47 |      12 |  20.3
            +---------+---------+-------+---------+---------+-------
        D:1 |      30 |       0 |   0.0 |      17 |       0 |   0.0
        D:2 |      78 |       0 |   0.0 |      22 |       0 |   0.0
        D:3 |      28 |      38 |  57.6 |       8 |      12 |  60.0
            +---------+---------+-------+---------+---------+-------
